 Dungeon Crawl Stone Soup version 0.29-a0-557-g43b9904bd1 (webtiles) character file.

Game seed: 13679324033587949598

119 kae the Firebug (level 4, -2/33 HPs)
             Began as a Demigod Fire Elementalist on June 8, 2022.
             Slain by a gnoll
             ... wielding a +0 spear
              (8 damage)
             ... on level 4 of the Dungeon.
             The game lasted 00:01:44 (2903 turns).

kae the Firebug (Demigod Fire Elementalist)         Turns: 2903, Time: 00:01:45

Health: -2/33      AC:  2    Str:  9    XL:     4   Next: 46%
Magic:  1/10       EV: 12    Int: 21    God:
Gold:   111        SH:  0    Dex: 14    Spells: 4/7 levels left

rFire   . . .      SeeInvis .   d - +1 dagger (venom)
rCold   . . .      Faith    .   (no shield)
rNeg    . . .      Spirit   .   a - +0 robe
rPois   .          Reflect  .   (no helmet)
rElec   .          Harm     .   (no cloak)
rCorr   .          Rampage  .   (no gloves)
Will    .....                   (no boots)
Stlth   ++........              (no amulet)
HPRegen 0.11/turn               l - ring of flight
MPRegen 0.12/turn               (no ring)

@: flying
A: high MP 1, forlorn, divine attributes
a: no special abilities


You were on level 4 of the Dungeon.
You visited 1 branch of the dungeon, and saw 4 of its levels.

You collected 111 gold pieces.

Inventory:

Hand Weapons
 d - a +1 dagger of venom (weapon)
Armour
 a - a +0 robe (worn)
Jewellery
 l - a ring of flight (left hand)
Potions
 b - 3 potions of magic
 c - a potion of cancellation
 f - a potion of lignification
 g - a potion of degeneration {unknown}
 i - a potion of curing {unknown}
 j - a potion of brilliance {unknown}
 k - a potion of attraction {unknown}


   Skills:
 - Level 1.7 Dodging
 - Level 1.7 Stealth
 + Level 2.4 Spellcasting
 * Level 2.6 Conjurations
 * Level 3.8 Fire Magic


You had 4 spell levels left.
You knew the following spells:

 Your Spells              Type           Power      Damage    Failure   Level
a - Foxfire               Conj/Fire      64%        2x1d7     3%          1
b - Scorch                Fire           36%        2d7       4%          2

Your spell library contained the following spells:

 Spells                   Type           Power      Damage    Failure   Level
 Conjure Flame            Conj/Fire      16%        6-21      11%         3
 Beastly Appendage        Tmut           4%         N/A       14%         1
 Inner Flame              Hex/Fire       10%        N/A       19%         3
 Wereblood                Tmut           2%         N/A       22%         2
 Flame Wave               Conj/Fire      16%        2d6       36%         4
 Spider Form              Tmut/Pois      2%         N/A       38%         3


Dungeon Overview and Level Annotations

Branches:
Dungeon (4/15)
 Temple: D:4-7

Shops:
D:1 :

Annotations:
D:4 Subbak's ghost, amateur DsEn


Innate Abilities, Weirdness & Mutations

You have an increased reservoir of magic. (+10% MP)
You shall have no god before yourself.
Your divine heritage dramatically boosts your attributes as you level up.


Message History

The gnoll is severely wounded.
The gnoll attacks as you move away! The gnoll hits you with a +0 whip!
Casting: Foxfire (safe; 3% risk of failure)
Confirm with . or Enter, or press ? or * to list all spells.
You conjure some foxfire!
The gnoll barely misses you.
Your magical contamination has completely faded away.
The foxfire hits the gnoll.
The gnoll is severely wounded.
The foxfire hits the gnoll.
You kill the gnoll!
Casting: Foxfire (safe; 3% risk of failure)
Confirm with . or Enter, or press ? or * to list all spells.
You conjure some foxfire!
The gnoll hits you from afar with a +0 spear.
The foxfire hits the gnoll.
The gnoll is heavily wounded.
The foxfire hits the gnoll.
The gnoll is severely wounded.
The gnoll hits you from afar with a +0 spear.
Casting: Foxfire (safe; 3% risk of failure)
Confirm with . or Enter, or press ? or * to list all spells.
You conjure some foxfire!
The gnoll closely misses you. The gnoll barely misses you.
The foxfire hits the gnoll.
The gnoll is heavily wounded.
The foxfire hits the gnoll but does no damage.
The gnoll is heavily wounded.
The gnoll misses you. The gnoll barely misses you.
Casting: Foxfire (safe; 3% risk of failure)
Confirm with . or Enter, or press ? or * to list all spells.
Flames lash the gnoll.
The gnoll is almost dead.
The gnoll's fire resistance burns away.
The gnoll barely misses you. The gnoll closely misses you.
The gnoll hits you with a +0 club.
Casting: Scorch (safe; 4% risk of failure)
Confirm with . or Enter, or press ? or * to list all spells.
You conjure some foxfire!
The gnoll hits you with a +0 club!
* * * LOW HITPOINT WARNING * * *
The gnoll hits you from afar with a +0 spear!
You die...

#.. #.# #..#... ..
#.# # #..####### #
#.### .##........ ..
#...# ......... ..
###.# ##.....## .#
##..# ##.......#.#
##...####gv...)....#
#...<...'@vg)..<..+
##...####.....)...#
##..# ##.......##
....# ##.....##
.##### ##...## #
##+##


You could see 2 gnolls.

Vanquished Creatures
  4 gnolls (D:4)
  3 adders (D:2)
  A worm (D:2)
  3 ball pythons
  4 bats
  5 endoplasms
  3 giant cockroaches
  3 goblins
  5 hobgoblins
  2 jackals (D:1)
  6 kobolds
  3 quokkas
  3 frilled lizards
  3 rats (D:1)
48 creatures vanquished.

Vanquished Creatures (others)
  189 foxfires
189 creatures vanquished.

Grand Total: 237 creatures vanquished

Notes
Turn   | Place    | Note
-------+----------+-------------------------------------------
     0 | D:1      | kae the Demigod Fire Elementalist began the quest for the
                  | Orb.
     0 | D:1      | Reached XP level 1. HP: 14/14 MP: 5/5
    12 | D:1      | Reached skill level 1 in Conjurations
   348 | D:1      | Reached XP level 2. HP: 20/20 MP: 5/7
   351 | D:1      | Learned a level 2 spell: Scorch
   431 | D:1      | Reached skill level 3 in Fire Magic
   539 | D:1      | Found Jutaker's Book Boutique.
  1506 | D:2      | Reached XP level 3. HP: 25/26 MP: 3/8
  2746 | D:3      | You are sucked into a shaft and drop 1 floor!
  2773 | D:4      | Noticed Subbak's ghost (amateur DsEn)
  2787 | D:4      | Reached XP level 4. HP: 32/33 MP: 3/10
  2903 | D:4      | Slain by a gnoll

Illustrated notes

Levels and vault maps discovered:
D:1:      dpeg_arrival_rhombus, layout_basic,
          shapermc_ecumenical_altar_mp_urbaneastern, serial_shops,
          nicolae_shop_hallway_stairs
D:2:      layout_basic, nrook_campfire
D:3:      layout_loops_ring, jmf_multi_god_temple2, minmay_fractal_squares_5
D:4:      layout_loops_corners, serial_bayou, serial_bayou_lagoon_b,
          serial_bayou_pond_c, serial_bayou_shore_b, serial_bayou_ford_a,
          gammafunk_ghost_mausoleum, uniq_pikel

Skill      XL: |  1  2  3 |
---------------+----------+-----
Conjurations   | 1 2 |  2.6
Fire Magic     | 3 |  3.8
Spellcasting   | 2 |  2.4
Dodging        | |  1.7
Stealth        | |  1.7

Action                   |  1- 3 |  4- 6 || total
-------------------------+-------+-------++-------
 Cast: Foxfire           |    96 |    10 ||   106
       Scorch            |     3 |     2 ||     5
  Use: Scroll            |     4 |       ||     4
       Potion            |     1 |       ||     1
Armor: Robe              |     5 |       ||     5
       Skin              |     7 |     3 ||    10
Dodge: Dodged            |    22 |     7 ||    29

Table legend: (Time is in decaauts)
 A = Elapsed time spent in this place.
 B = Non-inter-level travel time spent in this place.
 C = Inter-level travel time spent in this place.
 D = Time resting spent in this place.
 E = Time spent auto-exploring this place.
 F = Levels seen in this place.
 G = Mean time per level.
                   A        B        C        D        E       F      G
               +--------+--------+--------+--------+--------+-----+--------+
         Total |   2901 |   2840 |     61 |    100 |   2398 |   4 |  725.2 |
       Dungeon |   2901 |   2840 |     61 |    100 |   2398 |   4 |  725.2 |
               +--------+--------+--------+--------+--------+-----+--------+

Top non-repeatable levels by time:
     D:2: 1455 daAuts
     D:1: 1257 daAuts
     D:4: 153 daAuts
     D:3: 35 daAuts
